AoeStats
← [CL] sebita

Arabia

503269538Analyzed
1v1 RM · 1mo ago on Aug 30, 2026· 19m 45s· 2 players
Game mode
Random Map
Map size
Tiny (2 player)
Population
200
Speed
Normal
Resources
Standard
Victory
Conquest
Starting age
Dark Age
Ending age
Imperial Age
RankedLock teamsTeams togetherTeam positionsShared explorationLock speedFull tech treeHidden civsTurbo modeCheats
Victory
Defeat
🇨🇱 Chinese · Chile
1825
+14
🇨🇱 Saracens · Chile
1791
-14
huevito rey IS BACK
9:43 Loom
13:24 Feudal Age
17:07 Castle Age
15:42 Double-Bit Axe
16:47 Horse Collar
[CL] sebita
0:25 Loom
9:11 Feudal Age
12:31 Double-Bit Axe
18:16 Castle Age
16:06 Horse Collar
16:27 Fletching
17:23 Gold Mining
18:20 Crossbowman
18:56 Bodkin Arrow
Connection lost

Rejoining the realm…

Still unreachable

The connection could not be restored.

Session expired

The server has moved on; the page needs a fresh start.